 Dungeon Crawl Stone Soup version 0.27-a0-909-g0721f309d1 (webtiles) character file.

Game seed: 597660770362519438

32 dmks the Nimble (level 3, -3/25 HPs)
             Began as a Gnoll Wanderer on Apr 8, 2021.
             Slain by a worm (11 damage)
             ... on level 2 of the Dungeon.
             The game lasted 00:04:08 (1278 turns).

dmks the Nimble (Gnoll Wanderer)                    Turns: 1278, Time: 00:04:09

Health: -3/25      AC:  3    Str: 11    XL:     3   Next: 25%
Magic:  4/4        EV: 14    Int: 11    God:
Gold:   70         SH:  0    Dex: 12    Spells: 3/3 levels left

rFire    . . .     SeeInvis .   j - +0 dagger
rCold    . . .     Faith    .   (no shield)
rNeg     . . .     Spirit   .   c - +0 leather armour
rPois    .         Reflect  .   (no helmet)
rElec    .         Harm     .   (no cloak)
rCorr    .         Rampage  .   (no gloves)
Will     .....                  (no boots)
Stlth    +.........             (no amulet)
HPRegen  0.08/turn              (no ring)
MPRegen  0.09/turn              (no ring)

@: no status effects
A: fangs 1, strong nose, distributed training
a: no special abilities


You were on level 2 of the Dungeon.
You visited 1 branch of the dungeon, and saw 2 of its levels.

You collected 70 gold pieces.

Inventory:

Hand Weapons
 a - a +0 shortbow
 j - a +0 dagger (weapon)
   (You took it off a kobold on level 1 of the Dungeon)
Missiles
 b - 4 throwing nets (quivered) {!f}
 d - 14 arrows
Armour
 c - a +0 leather armour (worn)
Wands
 e - a wand of random effects (10)
Scrolls
 g - a scroll of identify {unknown}
 h - a scroll of enchant weapon {unknown}
Potions
 f - a potion of cancellation {unknown}
 i - 2 potions of flight {unknown}


   Skills:
 + Level 0.7 Fighting
 + Level 0.7 Short Blades
 + Level 2.6 Long Blades
 + Level 0.7 Axes
 + Level 0.7 Maces & Flails
 + Level 0.7 Polearms
 + Level 0.7 Staves
 + Level 0.7 Slings
 + Level 6.5 Bows
 + Level 0.7 Crossbows
 + Level 0.7 Throwing
 + Level 0.7 Armour
 + Level 8.5 Dodging
 + Level 0.7 Stealth
 + Level 2.6 Shields
 + Level 0.7 Unarmed Combat
 + Level 0.7 Spellcasting
 + Level 0.5 Conjurations
 + Level 0.5 Hexes
 + Level 0.5 Summonings
 + Level 0.5 Necromancy
 + Level 0.5 Translocations
 + Level 0.5 Transmutations
 + Level 0.5 Fire Magic
 + Level 0.5 Ice Magic
 + Level 0.5 Air Magic
 + Level 0.5 Earth Magic
 + Level 0.5 Poison Magic
 + Level 0.9 Invocations
 + Level 2.6 Evocations


You had 3 spell levels left.
You didn't know any spells.
Your spell library was empty.

Dungeon Overview and Level Annotations

Branches:
Dungeon (2/15)

Altars:

Shops:
D:2 *


Innate Abilities, Weirdness & Mutations

You have very sharp teeth.
Your uncanny sense of smell can sniff out nearby items.
Your experience applies equally to all skills.


Message History

There is an open door here.
An endoplasm comes into view.
The endoplasm quivers.
An endoplasm is nearby!
An endoplasm is nearby!
You shoot an arrow. The arrow hits the endoplasm.
You shoot an arrow. The arrow hits the endoplasm.
You shoot an arrow. The arrow hits the endoplasm.
You kill the endoplasm!
d - 12 arrows (gained 1)
d - 13 arrows (gained 1)
d - 14 arrows (gained 1)
A goblin comes into view. It is wielding a +0 club.
A goblin is nearby!
A goblin is nearby!
You shoot an arrow. The arrow hits the goblin!
You kill the goblin!
No target in view!
No target in view!
d - 14 arrows (gained 1)
Things that are here:
a +0 club; a goblin corpse
Found 10 gold pieces.
You now have 70 gold pieces (gained 10).
Done exploring.
Done exploring.
Done exploring.
(D) Dungeon
Where to? (? - help)
What level of the Dungeon? (default 1, ? - help)
There is a stone staircase leading down here.
You climb downwards.
There is a stone staircase leading up here.
j - a +0 dagger (weapon)
A worm is nearby!
A worm is nearby!
You hit the worm. You hit the worm. The worm bites you.
You hit the worm. The worm closely misses you.
You hit the worm. You hit the worm. You bite the worm. The worm bites you!
You hit the worm. You hit the worm. The worm misses you.
You hit the worm but do no damage. You bite the worm, but do no damage.
You hit the worm. The worm bites you.
* * * LOW HITPOINT WARNING * * *
You completely miss the worm. The worm barely misses you.
You hit the worm but do no damage. You hit the worm. The worm bites you!
You die...

#........#.............
...........>...........
∆
###.##.#.##............#
#w #...##.####.#.#### #.
#......###.## .## ∆
.....#####.## #.# # #
##.###.# ##.#.###
#w@....#
#......##.######
#.#..∩.#.....<.#
#....###..####.# ....#.
#..# .# ###... ..... .#
#.....#.## .# #####.#.
.# # ## ##


You could see a worm.

Vanquished Creatures
  A dart slug (D:1)
  6 endoplasms
  3 giant cockroaches (D:1)
  3 goblins (D:1)
  A hobgoblin (D:1)
  2 quokkas (D:1)
  2 bats (D:1)
  3 kobolds (D:1)
  4 rats (D:1)
25 creatures vanquished.

Notes
Turn   | Place    | Note
-------+----------+-------------------------------------------
     0 | D:1      | dmks the Gnoll Wanderer began the quest for the Orb.
     0 | D:1      | dmks set off with the following items: a +0 shortbow, 4
                  | throwing nets {!f}, a +0 leather armour, 25 arrows, a wand
                  | of random effects (15)
     0 | D:1      | Reached XP level 1. HP: 13/13 MP: 1/1
   112 | D:1      | Reached XP level 2. HP: 19/19 MP: 2/2
   633 | D:1      | Reached XP level 3. HP: 17/25 MP: 3/3
   656 | D:2      | Found Hoifif's Assorted Antiques.
   807 | D:2      | Found a faded altar of an unknown god.
  1278 | D:2      | Slain by a worm

Illustrated notes

Levels and vault maps discovered:
D:1:      wheals_arrival_shading, layout_basic
D:2:      layout_loops_cross, ebering_ecumenical_altar_sacrificial,
          serial_shops, shop, minmay_ruptured

Action                   || total
-------------------------++-------
Melee: Dagger            ||    12
       Bite              ||     2
 Fire: Shortbow          ||    82
Evoke: Wand              ||     5
Armor: Leather armour    ||    11
Dodge: Dodged            ||    34

Table legend: (Time is in decaauts)
 A = Elapsed time spent in this place.
 B = Non-inter-level travel time spent in this place.
 C = Inter-level travel time spent in this place.
 D = Time resting spent in this place.
 E = Time spent auto-exploring this place.
 F = Levels seen in this place.
 G = Mean time per level.
                   A        B        C        D        E       F      G
               +--------+--------+--------+--------+--------+-----+--------+
         Total |   1275 |   1234 |     41 |    135 |    867 |   2 |  637.5 |
       Dungeon |   1275 |   1234 |     41 |    135 |    867 |   2 |  637.5 |
               +--------+--------+--------+--------+--------+-----+--------+

Top non-repeatable levels by time:
     D:1: 1092 daAuts
     D:2: 183 daAuts
